 Dungeon Crawl Stone Soup version 0.28.0-53-g5a82cb258f (webtiles) character file.

Game seed: 16132421647039762683

319 Descartes the Poker (level 6, -7/42 HPs)
             Began as an Octopode Wanderer on July 12, 2022.
             Mangled by a gnoll sergeant
             ... wielding a +0 spear
              (9 damage)
             ... on level 4 of the Dungeon.
             The game lasted 00:03:35 (3430 turns).

Descartes the Poker (Octopode Wanderer)             Turns: 3430, Time: 00:03:35

Health: -7/42      AC:  1    Str: 14    XL:     6   Next: 46%
Magic:  0/6        EV: 14    Int: 12    God:
Gold:   269        SH:  0    Dex: 13    Spells: 5/5 levels left

rFire   . . .      SeeInvis .   a - +2 spear
rCold   . . .      Faith    .   (no shield)
rNeg    . . .      Spirit   +   d - +0 hat
rPois   .          Reflect  .   e - amulet of guardian spirit
rElec   .          Harm     .   (no ring)
rCorr   .          Rampage  .   (no ring)
Will    .....                   (no ring)
Stlth   ++........              (no ring)
HPRegen 0.14/turn               (no ring)
MPRegen 0.10/turn               (no ring)
                                (no ring)
                                (no ring)

@: no status effects
A: almost no armour, amphibious, 8 rings, camouflage 1, gelatinous body 1,
(nimble swimmer 1), tentacles
a: no special abilities


You were on level 4 of the Dungeon.
You visited 1 branch of the dungeon, and saw 4 of its levels.

You collected 269 gold pieces.

Inventory:

Hand Weapons
 a - a +2 spear (weapon)
 b - a +0 shortbow
Missiles
 c - 20 arrows
 o - 60 stones (quivered)
 p - 8 poisoned darts
 r - 2 javelins
Armour
 d - a +0 hat (worn)
Jewellery
 e - an amulet of guardian spirit (around mantle)
 u - a ring of fire
Wands
 v - a wand of iceblast (9)
Scrolls
 f - a scroll of summoning {unknown}
 h - 4 scrolls of amnesia {unknown}
 i - 5 scrolls of identify {unknown}
 k - a scroll of enchant weapon {unknown}
 m - 2 scrolls of brand weapon {unknown}
 n - a scroll of blinking {unknown}
 s - a scroll of torment {unknown}
Potions
 g - a potion of brilliance {unknown}
 j - 3 potions of degeneration {unknown}
 l - a potion of resistance {unknown}
 q - 2 potions of haste {unknown}
 t - a potion of lignification {unknown}


   Skills:
 - Level 3.0 Fighting
 + Level 4.7 Polearms
 - Level 2.0 Bows
 + Level 3.6 Dodging
 + Level 4.0 Evocations


You had 5 spell levels left.
You didn't know any spells.
Your spell library contained the following spells:

 Spells                   Type           Power      Damage    Failure   Level
 Corpse Rot               Necr/Air       0%         N/A       45%         2
 Poisonous Vapours        Pois/Air       0%         N/A       45%         2


Dungeon Overview and Level Annotations

Branches:
Dungeon (4/15)
 Temple: D:4-7

Altars:
Fedhas
Makhleb
Zin


Innate Abilities, Weirdness & Mutations

You cannot wear most types of armour.
You are amphibious.
You can wear up to eight rings at the same time.
Your skin changes colour to match your surroundings (Stealth+).
Your rubbery body absorbs attacks. (AC +1, EV +1)
((You are camouflaged when in or above water. (Stealth+)))
You have tentacles for arms and can constrict up to eight enemies at once.


Message History

You are too injured to fight recklessly!
You are too injured to fight recklessly!
You are too injured to fight recklessly!
You are too injured to fight recklessly!
You are too injured to fight recklessly!
You are too injured to fight recklessly!
You are too injured to fight recklessly!
You are too injured to fight recklessly!
You are too injured to fight recklessly!
You are too injured to fight recklessly!
You are too injured to fight recklessly!
You are too injured to fight recklessly!
You are too injured to fight recklessly!
You are too injured to fight recklessly!
Unknown command.
The gnoll sergeant barely misses you. The gnoll sergeant blocks your attack.
You grab the gnoll sergeant.
You constrict the gnoll sergeant, but do no damage.
The gnoll completely misses you.
The gnoll sergeant hits you with a +0 spear!
* * * LOW HITPOINT WARNING * * *
You hit the gnoll sergeant but do no damage.
You constrict the gnoll sergeant. The gnoll completely misses you.
The gnoll sergeant barely misses you.
You hit the gnoll sergeant but do no damage.
You squeeze the gnoll sergeant!
The gnoll sergeant is heavily wounded.
You constrict the gnoll sergeant. The gnoll misses you.
The gnoll sergeant barely misses you.
You hit the gnoll sergeant but do no damage.
The gnoll sergeant is heavily wounded.
You constrict the gnoll sergeant.
The gnoll hits you from afar with a +0 halberd.
* * * LOW HITPOINT WARNING * * *
The gnoll sergeant blocks your attack.
You squeeze the gnoll sergeant, but do no damage.
The gnoll sergeant is heavily wounded.
You constrict the gnoll sergeant.
The gnoll sergeant hits you with a +0 spear!
You die...

####### #.....# #.....#
#######.....#### #..g..#.........
### ##.##.#.)..(.... #..
#.#..gg.†B..... ..
#.#####.#..#......... ..#
#...@ggB#..#######.## ... #<#
#..######..# #.# #.# #.....# #..#
#.# #.####.##.###.$# #.#
#........[..#..#
#.#####...........#....#
#.#...............#....########
###.#.##............#.....#......
......##.......######.....#.###.#


You could see a gnoll sergeant, a gnoll and a giant cockroach.

Vanquished Creatures
  Eustachio (D:4)
  A centaur zombie (D:4)
  3 adders
  4 gnolls
  A worm (D:2)
  3 dart slugs
  An orc (D:3)
  10 ball pythons
  3 endoplasms
  A giant cockroach (D:1)
  10 goblins
  8 hobgoblins
  8 jackals (D:1)
  A quokka (D:1)
  2 bats
  3 frilled lizards
  7 kobolds
  4 rats
71 creatures vanquished.

Notes
Turn   | Place    | Note
-------+----------+-------------------------------------------
     0 | D:1      | Descartes the Octopode Wanderer began the quest for the
                  | Orb.
     0 | D:1      | Descartes set off with the following items: a +2 spear, a
                  | +0 shortbow, 20 arrows, a +0 hat
     0 | D:1      | Reached XP level 1. HP: 16/16 MP: 1/1
   202 | D:1      | Reached XP level 2. HP: 21/21 MP: 2/2
   657 | D:1      | Reached XP level 3. HP: 25/26 MP: 3/3
  1792 | D:2      | Reached XP level 4. HP: 31/31 MP: 4/4
  1809 | D:2      | Found a faded altar of an unknown god.
  2078 | D:3      | Found a glowing silver altar of Zin.
  2623 | D:3      | Found a blossoming altar of Fedhas.
  2719 | D:3      | Reached XP level 5. HP: 35/36 MP: 5/5
  3154 | D:4      | Noticed Eustachio
  3163 | D:4      | Killed Eustachio
  3164 | D:4      | Reached XP level 6. HP: 27/42 MP: 4/6
  3269 | D:4      | Found a burning altar of Makhleb.
  3429 | D:4      | HP: 2/42 [gnoll/+0 halberd (2)]
  3430 | D:4      | Mangled by a gnoll sergeant

Illustrated notes

Levels and vault maps discovered:
D:1:      scummos_arrival_forest, layout_basic, grunt_decor_cap,
          minmay_misc_feat_plants, minivault_23
D:2:      layout_basic, ebering_ecumenical_altar_sacrificial,
          minmay_pentomino_x4
D:3:      layout_basic, mainiacjoe_overflow_cross_hatched,
          amcnicky_altar_gilded, moated_statue
D:4:      layout_basic, mainiacjoe_overflow_surrounded_room,
          overflow_temple_1_default, serial_rivers,
          chequers_serial_rivers_small_a, chequers_serial_rivers_micro_b,
          chequers_serial_rivers_micro_b, chequers_serial_rivers_micro_d,
          uniq_eustachio, uniq_duvessa

Skill      XL: |  1  2  3  4  5  6 |
---------------+-------------------+-----
Evocations     | 2 3 4 |  4.0
Dodging        | 2 3 |  3.6
Polearms       | 4 |  4.7
Fighting       | |  3.0
Bows           | |  2.0

Action                   |  1- 3 |  4- 6 || total
-------------------------+-------+-------++-------
Melee: Spear             |    98 |    76 ||   174
       Constrict         |    20 |    12 ||    32
       Tentacles         |     6 |    19 ||    25
       Punch             |     2 |     1 ||     3
 Stab: Sleeping          |     9 |     7 ||    16
       Distracted        |       |     2 ||     2
Armor: Skin              |     4 |     6 ||    10
Dodge: Dodged            |    34 |    50 ||    84
